Map: Catalyst LE

Players

SamuraiFunn - Winner!

  • Race: Protoss Protoss
  • Spawn Location: 11:00

A.I. 1 (Elite)

  • Race: Terran Terran
  • Spawn Location: 5:00

VOD

Have the link to the VOD?

Description

Time

  • Played on: Nov. 24, 2017, 4:19 p.m.
  • Length: 10:57
Show
View Real Time Build Order
Export as new Build Order

SamuraiFunn Protoss - Winner!

Build Orders:  

Get SALT Encoding   

  12  0:00  Probe  
  13  0:13  Probe  
  14  0:27  Probe  
  15  0:37  Assimilator  
  15  0:39  Pylon  
  15  0:58  Probe, Gateway  
  15  1:02  Gateway  
  16  1:10  Probe  
  17  1:22  Gateway  
  17  1:25  Probe  
  18  1:37  Pylon  
  18  1:46  Zealot  
  20  1:50  Zealot  
  22  1:57  Probe, Cybernetics Core  
  23  2:09  Probe  
  23  2:10  Zealot  
  26  2:16  Gateway  
  26  2:23  Pylon  
  26  2:25  Zealot  
  28  2:34  Zealot  
  28  2:46  Zealot  
  28  2:50  Warp Gate (Chrono Boost)  
  28  2:55  Zealot  
  30  3:03  Zealot  
  30  3:04  Zealot  
  32  3:18  Zealot  
  30  3:37  Zealot x2  
  30  3:38  Zealot  
  36  3:52  Zealot, Twilight Council  
  30  4:28  Charge (Chrono Boost)  
  30  4:30  Zealot  
  30  4:31  Zealot x3  
  38  4:41  Pylon  
  38  5:00  Zealot x2  
  38  5:01  Zealot x2  
  42  5:21  Stalker x2  
  42  5:26  Pylon  
  42  5:27  Pylon  
  46  5:44  Stalker  
  46  5:45  Stalker  
  46  6:03  Zealot  
  46  6:04  Zealot  
  28  6:12  Zealot  
  28  6:13  Zealot  
  28  6:22  Assimilator  
  26  6:46  Nexus  
  26  6:53  Stalker  
  28  6:55  Stalker  
  30  7:13  Stalker  
  30  7:14  Stalker  
  34  7:39  Stalker  
  34  7:40  Stalker x2  
  40  7:52  Probe  
  41  8:04  Probe  
  42  8:12  Stalker x2  
  46  8:16  Probe  
  47  8:20  Probe  
  46  8:28  Probe  
  46  8:32  Probe  
  48  8:40  Probe  
  49  8:44  Probe, Stalker x2  
  54  8:50  Stalker  
  54  8:52  Probe  
  57  8:56  Probe  
  58  9:04  Probe  
  59  9:18  Probe x2  
  59  9:21  Stalker x2  
  59  9:23  Zealot x2  
  69  9:37  Probe x2  
  71  9:42  Assimilator  
  71  9:44  Assimilator  
  71  9:49  Probe x2  
  73  10:01  Stalker x2  
  73  10:05  Pylon  
  77  10:07  Pylon  
  77  10:09  Pylon  
  77  10:26  Stalker x2  
  81  10:29  Zealot x2  
  85  10:41  Gateway x2  
  85  10:42  Probe  
  86  10:43  Probe  
  86  10:44  Gateway  
  86  10:46  Pylon  
  86  10:48  Pylon  
Show
View Real Time Build Order
Export as new Build Order

A.I. 1 (Elite) Terran 

Build Orders: MMM Bio 

Get SALT Encoding   

  12  0:00  SCV  
  13  0:13  SCV  
  14  0:18  Supply Depot  
  14  0:25  SCV  
  15  0:40  SCV  
  16  0:44  Barracks  
  16  0:47  Refinery  
  16  0:52  SCV  
  17  1:03  Barracks  
  17  1:04  SCV  
  18  1:16  SCV  
  19  1:33  Marine, Orbital Command  
  20  1:42  Barracks  
  20  1:50  Marine  
  20  1:51  Marine  
  22  1:56  Supply Depot  
  22  1:59  SCV  
  23  2:08  Barracks Tech Lab  
  23  2:09  Barracks Tech Lab  
  23  2:18  SCV  
  24  2:26  Marine  
  24  2:27  Marine  
  24  2:28  Marine  
  27  2:30  Stimpack  
  25  2:37  Supply Depot  
  23  2:44  Marine  
  23  2:45  Marine  
  23  2:50  SCV  
  25  2:57  Marine  
  26  2:59  Concussive Shells  
  26  3:02  SCV  
  26  3:03  Marauder  
  26  3:04  Marine  
  30  3:14  SCV  
  30  3:15  Marine  
  32  3:22  Marine  
  32  3:24  Marauder  
  33  3:33  Marine  
  33  3:39  Marine  
  33  3:41  Supply Depot  
  34  3:45  Marine  
  35  3:51  Marine  
  35  3:52  SCV  
  34  3:58  Marauder  
  36  4:03  Marine  
  36  4:09  Marine  
  38  4:12  Supply Depot  
  38  4:19  Marine  
  38  4:21  Marauder  
  41  4:28  Refinery  
  41  4:37  Marine  
  41  4:38  Marauder  
  44  4:41  Factory  
  44  4:42  Marauder  
  46  4:50  SCV  
  46  4:55  Marine  
  46  4:59  Marauder  
  49  5:02  SCV  
  49  5:04  Marauder  
  47  5:13  Marine  
  48  5:14  SCV  
  48  5:17  Supply Depot  
  48  5:20  Marauder  
  51  5:38  Command Center  
  51  5:41  Marine  
  52  5:43  Marine  
  52  5:48  Combat Shields  
  53  5:57  Engineering Bay  
  53  6:03  Marine  
  39  6:05  Marine  
  39  6:08  Marine  
  34  6:20  Marine  
  34  6:23  Terran Infantry Weapons Level 1  
  34  6:24  Marauder  
  37  6:26  Marine  
  37  6:37  Starport  
  37  6:38  Marine  
  38  6:45  Marauder  
  38  6:46  Barracks Reactor  
  40  6:50  SCV  
  40  6:52  SCV  
  42  6:56  Marine  
  39  7:02  SCV  
  39  7:06  Marine  
  38  7:14  Medivac, Marauder  
  37  7:21  Marine  
  36  7:24  Marine  
  36  7:25  Marine  
  37  7:30  SCV  
  37  7:33  SCV  
  37  7:35  Marine  
  38  7:39  Marine  
  38  7:42  Marauder  
  38  7:43  SCV, Marine  
  34  7:53  Marine  
  34  7:57  Marine  
  34  8:02  Marine  
  34  8:03  Marine  
  33  8:11  Marine  
  32  8:15  Marine  
  31  8:20  Marine  
  31  8:21  Marine  
  30  8:29  Marine  
  30  8:33  Marine  
  30  8:39  Marine  
  29  8:41  Marine  
  10  9:30  SCV  
  11  9:42  SCV  
  12  9:55  SCV  
  12  10:00  Supply Depot  
  12  10:07  SCV  
  12  10:19  SCV  
  12  10:31  SCV  
Tags
 
Composition
MMM Bio
Matchup
PvT
Replay Pack
First 100 games
Spawn Locations
Cross Positions
Add a new tag
Caveats
  • Supply blocks, unpowered buildings, or Contaminate may cause inaccurate times.
  • Supply counts are checked every 10 seconds.